 Dungeon Crawl Stone Soup version 0.25-a0-353-ged6d54792d (webtiles) character file.

Game seed: 11063037778374937114, levelgen mode: classic

448 Borgoz the Chopper (level 6, -1/55 HPs)
             Began as a Minotaur Gladiator on Jan 3, 2020.
             Slain by a gnoll
             ... wielding a +0 flail
              (4 damage)
             ... on level 4 of the Dungeon.
             The game lasted 00:03:41 (3308 turns).

Borgoz the Chopper (Minotaur Gladiator)             Turns: 3308, Time: 00:03:42

Health: -1/55      AC:  7    Str: 20    XL:     6   Next: 73%
Magic:  5/5        EV: 12    Int:  5    God:
Gold:   304        SH:  0    Dex: 12    Spells: 5/5 levels left

rFire    . . .     SeeInvis .   a - +0 war axe
rCold    . . .     Gourm    .   (no shield)
rNeg     . . .     Faith    .   h - +0 scale mail
rPois    .         Spirit   .   c - +0 hat
rElec    .         Reflect  .   (no cloak)
rCorr    .         Harm     .   (no gloves)
MR       .....                  (no boots)
Stlth    ..........             (no amulet)
HPRegen  0.18/turn              (no ring)
MPRegen  0.09/turn              (no ring)

@: no status effects
A: retaliatory headbutt, horns 2
a: no special abilities


You were on level 4 of the Dungeon.
You were not hungry.

You visited 1 branch of the dungeon, and saw 5 of its levels.

You collected 304 gold pieces.

Inventory:

Hand Weapons
 a - a +0 war axe (weapon)
Missiles
 d - 5 throwing nets (quivered)
Armour
 c - a +0 hat (worn)
 h - a +0 scale mail (worn)
Jewellery
 i - an uncursed ring of ice
 o - an uncursed ring of flight
Scrolls
 b - 3 scrolls of fog {unknown}
 e - 2 scrolls of enchant weapon {unknown}
 j - 5 scrolls of identify {unknown}
 k - a scroll of enchant armour {unknown}
 l - 4 scrolls of teleportation {unknown}
 q - a scroll of blinking {unknown}
 s - 2 scrolls of remove curse {unknown}
 u - a scroll of immolation {unknown}
Potions
 g - a potion of agility {unknown}
 m - a potion of cancellation
 n - a potion of invisibility {unknown}
 p - a potion of curing {unknown}
 r - a potion of brilliance {unknown}
 t - a potion of magic {unknown}
 v - a potion of degeneration {unknown}
 x - a potion of berserk rage {unknown}
Comestibles
 f - 10 rations


   Skills:
 + Level 4.8 Fighting
 + Level 5.5 Axes
 - Level 2.0 Throwing
 + Level 3.9 Armour
 + Level 5.0 Dodging


You had 5 spell levels left.
You didn't know any spells.
Your spell library was empty.

Dungeon Overview and Level Annotations

Branches:
Dungeon (5/15)             Temple (0/1) D:5

Altars:
Qazlal


Innate Abilities, Weirdness & Mutations

You reflexively headbutt those who attack you in melee.
You have a pair of horns on your head.


Message History

The gnoll hits you with a +0 flail! The gnoll closely misses you.
The centaur shoots an arrow.
The arrow barely misses you.
Unknown command.
You are too injured to fight recklessly!
The gnoll misses you. The giant cockroach barely misses you.
The gnoll barely misses you.
You climb upwards.
There is a stone staircase leading down here.
You closely miss the gnoll. Your headbutt misses the gnoll.
The gnoll is moderately wounded.
You barely miss the gnoll. You closely miss the giant cockroach.
The gnoll hits you with a +0 flail!
* * * LOW HITPOINT WARNING * * *
The giant cockroach closely misses you. The gnoll hits you with a +0 flail.
* * * LOW HITPOINT WARNING * * *
It was a potion of cancellation.
You feel magically purged. The giant cockroach bites you.
* * * LOW HITPOINT WARNING * * *
The gnoll hits you with a +0 flail.
You die...

..##..###............###<...#####
#####.###..............##..### #.
# #.......##....###...#.....###.
####..#....##.....##.#....##..##.
......#...........######.....#.#.
.....##...###.....## ##........
....####..###......# ##....#...
....# #....##..gs..#####..######.
....####........@........## ##
..>...##.........g......## #
.....####............##.##
..#...##...........[..##.##
###...(...........##..)...#
.#................##......###
(.................##........#
..................##.......##
...##.............#........#


You could see 2 gnolls and a giant cockroach.

Vanquished Creatures
  2 ogres (D:4)
  A jelly (D:5)
  An orc wizard (D:3)
  Natasha (D:3)
  A worker ant (D:4)
  A hound skeleton (D:4)
  An adder (D:2)
  6 gnolls
  3 worms
  A dart slug (D:3)
  5 leopard geckos
  4 orcs (D:3)
  3 giant cockroaches
  5 goblins
  3 hobgoblins
  13 jackals
  3 ball pythons
  6 bats
  4 frilled lizards
  16 kobolds
  A leopard gecko skeleton (D:3)
  6 rats
  A bush (D:2)
  A plant (D:2)
89 creatures vanquished.

Notes
Turn   | Place    | Note
-------+----------+-------------------------------------------
     0 | D:1      | Borgoz the Minotaur Gladiator began the quest for the Orb.
     0 | D:1      | Reached XP level 1. HP: 18/18 MP: 0/0
   137 | D:1      | Reached XP level 2. HP: 11/25 MP: 1/1
   357 | D:1      | Reached skill level 1 in Armour
   747 | D:1      | Reached XP level 3. HP: 31/31 MP: 2/2
  1921 | D:3      | Reached XP level 4. HP: 35/38 MP: 3/3
  2011 | D:3      | Reached XP level 5. HP: 32/46 MP: 4/4
  2165 | D:3      | Noticed Natasha
  2175 | D:3      | Killed Natasha
  2760 | D:4      | Reached skill level 5 in Axes
  2876 | D:4      | Noticed an ogre
  2882 | D:4      | Killed an ogre
  2882 | D:4      | Reached XP level 6. HP: 50/53 MP: 5/5
  2910 | D:4      | Found a stormy altar of Qazlal.
  3294 | D:5      | Entered Level 5 of the Dungeon
  3295 | D:5      | Found a staircase to the Ecumenical Temple.
  3300 | D:5      | Reached skill level 5 in Dodging
  3308 | D:4      | Slain by a gnoll

Levels and vault maps discovered:
D:1:      dpeg_arrival_round_c, layout_loops_ring
D:2:      layout_basic, first_ration, serial_forest,
          infiniplex_forest_clump_medium, infiniplex_forest_lined_room_3,
          infiniplex_forest_lined_corner, infiniplex_forest_fountain,
          infiniplex_forest_zigzag_1, infiniplex_forest_clump_tiny,
          infiniplex_forest_lined_room_3, infiniplex_forest_clump_long
D:3:      layout_loops_ring, uniq_natasha
D:4:      layout_cave_pools, nicolae_overflow_crystal_walls,
          minmay_misc_feat_cross, minmay_misc_feat_four_crosses
D:5:      layout_basic, temple_fountains

Skill      XL: |  1  2  3  4  5  6 |
---------------+-------------------+-----
Armour         | 1 2 3 |  3.9
Axes           | 4 5 |  5.5
Fighting       | 3 4 |  4.8
Dodging        | 4 5 |  5.0
Throwing       | |  2.0

Action                   |  1- 3 |  4- 6 || total
-------------------------+-------+-------++-------
Melee: War axe           |   148 |    92 ||   240
       Headbutt          |    38 |    17 ||    55
  Use: Scroll            |     1 |       ||     1
       Potion            |       |     1 ||     1
 Stab: Distracted        |     1 |       ||     1
  Eat: Chunk             |     2 |     6 ||     8
Armor: Leather armour    |     6 |       ||     6
       Scale mail        |    22 |    35 ||    57
Dodge: Dodged            |    74 |    69 ||   143

Table legend:
 A = Non-vault XP
 B = Vault XP
 C = Vault XP percentage of total XP
 D = Non-vault monster count
 E = Vault monster count
 F = Vault count percentage of total count
                 A         B        C        D         E       F
            +---------+---------+-------+---------+---------+-------
      Total |     605 |      35 |   5.5 |      86 |       1 |   1.1
            +---------+---------+-------+---------+---------+-------
        D:1 |      53 |       0 |   0.0 |      33 |       0 |   0.0
        D:2 |      39 |       0 |   0.0 |      14 |       0 |   0.0
        D:3 |     150 |      35 |  18.9 |      28 |       1 |   3.4
        D:4 |     297 |       0 |   0.0 |       7 |       0 |   0.0
        D:5 |      66 |       0 |   0.0 |       4 |       0 |   0.0
            +---------+---------+-------+---------+---------+-------
